Map: Dusty Gorge

Players

Asmodee

  • Race: Terran Terran
  • League: Gold
  • Spawn Location: 5:00

Keltazar

  • Race: Terran Terran
  • League: Gold
  • Spawn Location: 3:00

cozias - Winner!

  • Race: Protoss Protoss
  • League: Diamond
  • Spawn Location: 9:00

ILIEKEGGPIE - Winner!

  • Race: Protoss Protoss
  • League: Platinum
  • Spawn Location: 11:00

VOD

Have the link to the VOD?

Description

Time

  • Played on: May 1, 2018, 7:12 p.m.
  • Length: 9:05
Show
View Real Time Build Order
Export as new Build Order

Asmodee Terran 

Build Orders:  

Get SALT Encoding   

  12  0:00  SCV  
  13  0:14  SCV  
  14  0:21  Supply Depot  
  14  0:28  SCV  
  15  0:38  Refinery  
  15  0:43  SCV  
  15  0:44  Supply Depot  
  16  0:57  Barracks  
  16  0:59  SCV  
  17  1:11  SCV  
  18  1:23  SCV  
  19  1:35  SCV  
  19  1:37  Refinery  
  20  1:47  SCV  
  20  1:52  Barracks  
  21  1:58  Barracks Tech Lab  
  21  1:59  SCV  
  22  2:04  Ghost Academy  
  22  2:15  Factory  
  22  2:17  Marine  
  23  2:28  SCV  
  24  2:40  SCV  
  25  2:49  Marine  
  25  2:50  Personal Cloaking  
  26  2:52  SCV  
  27  3:05  Barracks  
  27  3:07  Marine  
  28  3:30  Ghost  
  30  3:43  Factory Tech Lab  
  30  3:44  Command Center  
  30  3:54  Starport  
  30  3:58  Supply Depot  
  30  4:16  Nuke  
  30  4:21  Supply Depot  
  28  4:45  Marine  
  28  4:46  Marine  
  28  4:49  Factory Reactor  
  29  5:03  Marine  
  29  5:04  Marine  
  26  5:21  Marine x2  
  28  5:39  Marine  
  30  5:43  Barracks Reactor  
  30  5:45  Barracks Tech Lab  
  30  5:47  Cyclone x2  
  36  6:06  Ghost  
  37  6:13  Marauder  
  39  6:19  Cyclone x2  
  21  7:24  Cyclone x2  
  31  7:31  Ghost x2  
  31  7:39  SCV  
  31  7:42  SCV  
  34  7:51  SCV  
  34  7:54  SCV  
  35  8:06  SCV  
  36  8:18  SCV  
  27  8:34  Marine  
  27  8:35  Marine  
Show
View Real Time Build Order
Export as new Build Order

Keltazar Terran 

Build Orders:  

Get SALT Encoding   

  12  0:00  SCV  
  13  0:12  SCV  
  14  0:19  Supply Depot  
  14  0:26  SCV  
  15  0:33  Refinery  
  15  0:41  SCV  
  16  0:48  Barracks  
  16  0:53  SCV  
  17  1:03  Barracks  
  17  1:08  SCV  
  18  1:20  SCV  
  19  1:31  Refinery  
  19  1:32  SCV  
  20  1:37  Marine  
  20  1:39  Supply Depot  
  22  1:47  SCV  
  22  1:52  Barracks Tech Lab  
  22  1:55  Marine  
  23  2:03  Factory  
  23  2:06  SCV  
  24  2:15  Stimpack  
  24  2:16  Marine  
  25  2:23  SCV  
  26  2:32  Marauder  
  26  2:34  Marine  
  29  2:41  Orbital Command  
  29  2:47  Factory Reactor  
  29  2:56  Starport  
  29  3:00  Marine  
  30  3:15  Engineering Bay  
  30  3:19  SCV  
  31  3:33  Supply Depot  
  31  3:55  Supply Depot, Marauder, Medivac x2, Marine  
  36  4:10  Cyclone  
  36  4:16  Liberator  
  32  4:22  Marine  
  31  4:46  SCV  
  32  4:56  Missile Turret  
  32  4:59  Supply Depot  
  32  5:21  SCV  
  33  5:26  Supply Depot  
  33  5:47  Cyclone, SCV  
  37  5:56  Barracks  
  37  5:59  SCV  
  37  6:01  Marine  
  39  6:10  Supply Depot  
  39  6:13  Liberator  
  35  6:18  Marine  
  25  7:10  Marine  
  17  7:27  Marine  
  1  8:27  Barracks Reactor  
  1  8:30  Starport Reactor  
Show
View Real Time Build Order
Export as new Build Order

cozias Protoss - Winner!

Build Orders: Oracle Opening 

Get SALT Encoding   

  12  0:00  Probe  
  13  0:13  Probe  
  14  0:18  Pylon  
  14  0:25  Probe  
  15  0:30  Assimilator  
  15  0:37  Probe  
  16  0:46  Gateway  
  16  0:48  Probe  
  17  0:56  Probe  
  17  1:03  Assimilator  
  18  1:05  Probe  
  18  1:08  Pylon  
  19  1:16  Probe  
  20  1:29  Probe  
  21  1:36  Cybernetics Core  
  21  1:41  Probe  
  22  2:00  Pylon  
  22  2:07  Nexus  
  22  2:14  Warp Gate  
  22  2:18  Adept  
  22  2:21  Stargate  
  24  2:30  Probe  
  25  2:42  Probe  
  26  2:48  Adept  
  28  2:54  Probe  
  28  2:57  Oracle  
  29  3:06  Probe  
  33  3:15  Adept  
  35  3:22  Probe  
  35  3:23  Probe  
  37  3:32  Pylon  
  37  3:34  Probe  
  37  3:35  Probe  
  37  3:38  Gateway  
  39  3:42  Adept  
  39  3:47  Probe x2  
  43  3:53  Oracle  
  46  4:30  Probe x2  
  48  4:36  Void Ray  
  52  4:40  Pylon  
  52  4:42  Probe x2  
  52  4:44  Shield Battery  
  54  4:46  Pylon  
  54  4:50  Forge  
  54  4:54  Probe x2  
  56  5:19  Probe  
  56  5:20  Probe  
  55  5:22  Robotics Facility  
  55  5:26  Gateway  
  55  5:27  Gateway  
  55  5:34  Gateway  
  55  5:36  Gateway, Protoss Ground Weapons Level 1  
  55  5:37  Gateway  
  55  5:38  Pylon  
  55  5:41  Twilight Council  
  55  5:42  Probe  
  56  5:43  Probe  
  56  5:44  Assimilator  
  56  5:48  Assimilator  
  57  5:51  Stalker x2  
  61  6:00  Probe  
  61  6:01  Probe  
  63  6:13  Void Ray  
  63  6:21  Nexus  
  63  6:22  Pylon  
  67  6:27  Pylon  
  67  6:32  Observer  
  67  6:39  Blink  
  68  6:46  Stalker x3  
  74  6:55  Robotics Bay  
  69  7:30  Warp Prism  
  71  7:40  Observer Gravitic Boosters  
  71  7:44  Stalker x4  
  71  7:45  Stalker x2  
  83  7:54  Probe  
  83  7:55  Probe x2  
  83  7:57  Assimilator  
  86  8:01  Assimilator  
  86  8:04  Pylon  
  86  8:09  Void Ray  
  90  8:16  Probe x3, Forge  
  89  8:28  Probe x3  
  89  8:30  Pylon  
  90  8:34  Pylon  
  90  8:38  Pylon  
  90  8:40  Probe  
  91  9:01  Stalker x3  
  91  9:02  Stalker x3  
Show
View Real Time Build Order
Export as new Build Order

ILIEKEGGPIE Protoss - Winner!

Build Orders:  

Get SALT Encoding   

  12  0:01  Probe  
  13  0:13  Probe  
  14  0:21  Pylon  
  14  0:25  Probe  
  15  0:39  Probe  
  16  0:43  Gateway  
  16  0:50  Assimilator  
  16  0:51  Probe  
  17  0:58  Assimilator  
  17  1:03  Probe  
  18  1:12  Probe  
  18  1:15  Pylon  
  19  1:20  Probe  
  20  1:28  Probe  
  21  1:37  Cybernetics Core  
  21  1:39  Probe  
  22  1:48  Gateway  
  22  1:51  Probe  
  23  2:03  Stalker  
  23  2:13  Warp Gate  
  25  2:32  Stargate  
  25  2:35  Stalker  
  25  2:36  Stalker  
  29  2:39  Pylon  
  29  2:55  Pylon  
  29  3:08  Stalker x2  
  29  3:11  Void Ray  
  33  3:16  Shield Battery  
  37  3:30  Shield Battery  
  37  3:44  Stalker  
  39  3:49  Gateway  
  39  4:00  Shield Battery  
  39  4:48  Stalker  
  41  4:58  Stalker  
  41  4:59  Adept  
  45  5:09  Adept  
  47  5:35  Pylon  
  47  5:36  Pylon  
  47  5:53  Void Ray  
  47  5:55  Adept x3  
  53  5:59  Nexus  
  53  6:00  Pylon  
  53  6:02  Pylon  
  47  6:32  Void Ray  
  51  6:48  Shield Battery  
  51  6:49  Shield Battery  
  36  7:06  Stalker x3  
  28  7:25  Void Ray  
  32  7:34  Stalker x2  
  36  7:37  Stalker  
  38  7:56  Probe x2  
  39  8:04  Probe  
  40  8:08  Probe  
  40  8:12  Probe  
  42  8:14  Sentry x3  
  49  8:20  Probe x2  
  51  8:28  Probe  
  51  8:32  Probe  
  53  8:43  Robotics Facility  
Tags
 
Add a new tag
Caveats
  • Supply blocks, unpowered buildings, or Contaminate may cause inaccurate times.
  • Supply counts are checked every 10 seconds.